 Dungeon Crawl Stone Soup version 0.27.0-1-g7a089689b8 (webtiles) character file.

Game seed: 10120130681585931713

1229 Naeght the Conjurer (level 8, -6/47 HPs)
             Began as an Octopode Conjurer on Aug 8, 2021.
             Mangled by a gnoll shaman (9 damage)
             ... on level 6 of the Dungeon.
             The game lasted 00:23:55 (7901 turns).

Naeght the Conjurer (Octopode Conjurer)             Turns: 7901, Time: 00:23:56

Health: -6/47      AC:  5    Str:  6    XL:     8   Next: 48%
Magic:  6/14       EV: 13    Int: 23    God:
Gold:   236        SH:  0    Dex: 10    Spells: 6/15 levels left

rFire    . . .     SeeInvis .   d - +0 dagger
rCold    . . .     Faith    .   (no shield)
rNeg     + . .     Spirit   .   (helmet restricted)
rPois    .         Reflect  .   (no amulet)
rElec    .         Harm     .   a - ring of positive energy
rCorr    .         Rampage  .   m - +4 ring of protection
Will     .....                  (no ring)
Stlth    ++........             (no ring)
HPRegen  0.15/turn              (no ring)
MPRegen  0.14/turn              (no ring)
                                (no ring)
                                (no ring)

@: lit by a corona, glowing
A: almost no armour, amphibious, 8 rings, camouflage 1, gelatinous body 1,
(nimble swimmer 1), tentacles
a: no special abilities


You were on level 6 of the Dungeon.
You visited 1 branch of the dungeon, and saw 6 of its levels.
You also visited: Ossuary.

You collected 236 gold pieces.

Inventory:

Hand Weapons
 d - a +0 dagger (weapon)
Magical Staves
 c - a staff of poison
Jewellery
 a - a ring of positive energy (left tentacle)
 m - a +4 ring of protection (right tentacle)
Scrolls
 g - a scroll of enchant armour {unknown}
 h - a scroll of magic mapping
 i - 4 scrolls of identify
 j - 2 scrolls of fog {unknown}
 o - a scroll of noise {unknown}
 p - 3 scrolls of brand weapon {unknown}
 q - 3 scrolls of teleportation {unknown}
 r - a scroll of fear {unknown}
 s - a scroll of immolation {unknown}
Potions
 b - 5 potions of flight {unknown}
 e - 4 potions of curing
 f - a potion of cancellation
 k - a potion of lignification
 l - a potion of invisibility
 n - a potion of berserk rage


   Skills:
 - Level 0.7 Fighting
 + Level 3.9 Dodging
 + Level 6.1 Stealth
 + Level 4.4 Spellcasting
 + Level 6.9 Conjurations
 * Level 4.0 Hexes


You had 6 spell levels left.
You knew the following spells:

 Your Spells              Type           Power      Damage    Failure   Level
a - Magic Dart            Conj           100%       1d8       1%          1
b - Searing Ray           Conj           74%        3d6       1%          2
c - Slow                  Hex            23%        N/A       3%          2
d - Fulminant Prism       Conj/Hex       15%        3d11      11%         4

Your spell library contained the following spells:

 Spells                   Type           Power      Damage    Failure   Level
 Dazzling Flash           Conj/Hex       60%        N/A       3%          3
 Confusing Touch          Hex            23%        N/A       6%          3
 Beastly Appendage        Tmut           10%        N/A       10%         1
 Corpse Rot               Necr/Air       N/A        N/A       16%         2
 Wereblood                Tmut           5%         N/A       16%         2
 Iskenderun's Mystic Bla  Conj/Tloc      21%        2d6       24%         4
 Ozocubu's Armour         Ice            5%         N/A       30%         3
 Spider Form              Tmut/Pois      2%         N/A       30%         3
 Vampiric Draining        Necr           2%         2d6       30%         3
 Dispel Undead            Necr           5%         3d7       69%         4
 Metabolic Englaciation   Hex/Ice        7%         N/A       77%         5
 Silence                  Hex/Air        7%         N/A       77%         5
 Agony                    Necr           5%         N/A       95%         5
 Death Channel            Necr           2%         N/A       100%        6
 Simulacrum               Ice/Necr       2%         N/A       100%        6


Dungeon Overview and Level Annotations

Branches:
Dungeon (6/15)            Ossuary (visited)
 Temple: D:4-7

Altars:
Fedhas
Makhleb
Yredelemnul

Shops:
D:3 (


Innate Abilities, Weirdness & Mutations

You cannot wear most types of armour.
You are amphibious.
You can wear up to eight rings at the same time.
Your skin changes colour to match your surroundings (Stealth+).
Your rubbery body absorbs attacks. (AC +1, EV +1)
((You are camouflaged near water. (Stealth+)))
You have tentacles for arms and can constrict up to eight enemies at once.


Message History

You hit the gnoll shaman but do no damage.
The gnoll shaman is lightly wounded.
You constrict the gnoll shaman, but do no damage.
The gnoll shaman closely misses you.
You hit the gnoll shaman but do no damage.
The gnoll shaman is lightly wounded.
You constrict the gnoll shaman, but do no damage.
The bullfrog barely misses you.
The gnoll shaman hits you with a +0 whip.
The bullfrog closely misses you.
The gnoll shouts!
You hit the gnoll shaman but do no damage.
The gnoll shaman is lightly wounded.
You constrict the gnoll shaman. The gnoll shaman misses you.
The bullfrog hits you.
Casting: Magic Dart (safe; 1% risk of failure)
Confirm with . or Enter, or press ? or * to list all spells.
Aiming: Searing Ray (safe; 1% risk of failure)
Press: ? - help, Shift-Dir - straight line, f - gnoll
Aim: a gnoll, wielding a +0 halberd and wearing a +0 leather armour (83% to hit)
The searing ray hits the gnoll shaman.
The gnoll shaman is moderately wounded.
The searing ray misses the gnoll.
The searing ray hits the gnoll!
The gnoll is severely wounded. (Press . to maintain the ray.)
You constrict the gnoll shaman. The bullfrog hits you!
* * * LOW HITPOINT WARNING * * *
The gnoll shaman misses you.
The gnoll hits you from afar with a +0 halberd!
* * * LOW HITPOINT WARNING * * *
The bullfrog misses you.
The searing ray hits the gnoll shaman!
The gnoll shaman is severely wounded.
The searing ray hits the gnoll.
The gnoll is moderately wounded.
The searing ray hits the gnoll!
You kill the gnoll!
You constrict the gnoll shaman, but do no damage.
The gnoll shaman hits you with a +0 whip!
You die...

..).......##.#
#.##########.#
#.####### #.#
........# ##.#####..
#.#####.###.........
#.## #......#######
...####.###.##
.#....#.....########
...##.#.###.))gg@F.#
#.###.#># #.######.#
.# #....###.# # #
#....g....#
#.#....#####
#.###.#... #.
....### # ##.#.#
..#.#


You could see a bullfrog, a gnoll shaman and a gnoll.

Vanquished Creatures
  An ice beast (D:5)
  A necrophage (D:4)
  3 ogres (D:5)
  A phantom (D:4)
  A scorpion (D:4)
  2 centaur zombies
  A hound (D:3)
  A gnoll shaman (D:6)
  Jessica (D:2)
  An iguana (D:5)
  4 ogre zombies (Ossuary)
  7 mummies (Ossuary)
  Robin (D:2)
  15 gnolls
  4 adders
  A white imp (D:5)
  6 adder zombies (Ossuary)
  2 worms
  A dart slug (D:3)
  8 orcs
  2 endoplasms
  3 giant cockroaches
  13 goblins
  11 hobgoblins
  3 quokkas
  5 ball pythons
  5 bats
  5 frilled lizards
  5 goblin zombies (Ossuary)
  5 hobgoblin zombies (Ossuary)
  4 kobolds
  3 kobold zombies (Ossuary)
  An orc zombie (Ossuary)
  3 quokka zombies
  5 rats
  4 rat zombies (Ossuary)
139 creatures vanquished.

Notes
Turn   | Place    | Note
-------+----------+-------------------------------------------
     0 | D:1      | Naeght the Octopode Conjurer began the quest for the Orb.
     0 | D:1      | Reached XP level 1. HP: 11/11 MP: 3/3
   446 | D:1      | Reached XP level 2. HP: 17/17 MP: 5/5
   500 | D:1      | Found a faded altar of an unknown god.
  1092 | D:2      | Reached XP level 3. HP: 21/21 MP: 2/6
  1095 | D:2      | Learned a level 2 spell: Searing Ray
  1898 | D:2      | Reached skill level 5 in Conjurations
  2064 | D:2      | Noticed Robin
  2069 | D:2      | Killed Robin
  2070 | D:2      | Reached XP level 4. HP: 27/27 MP: 2/7
  2378 | D:2      | Noticed Jessica
  2757 | D:2      | Killed Jessica
  2758 | D:2      | Reached XP level 5. HP: 32/32 MP: 3/8
  3004 | D:2      | You fall into a shaft and drop 2 floors!
  3109 | D:4      | Noticed a phantom
  3223 | D:2      | Reached XP level 6. HP: 34/37 MP: 6/10
  3226 | D:2      | Learned a level 2 spell: Slow
  3231 | D:2      | Learned a level 4 spell: Fulminant Prism
  3833 | D:3      | Found Nejimuir's Antique Weapon Shoppe.
  4016 | D:3      | Found a basalt altar of Yredelemnul.
  5155 | D:4      | Noticed a necrophage
  5159 | D:4      | Killed a necrophage
  5160 | D:4      | Reached skill level 1 in Hexes
  5160 | D:4      | Reached XP level 7. HP: 42/42 MP: 6/12
  5332 | D:5      | Entered Level 5 of the Dungeon
  5487 | D:5      | Found a sand-covered staircase.
  5500 | Ossuary  | Entered an ossuary
  5548 | Ossuary  | Reached skill level 5 in Stealth
  6646 | D:5      | Reached XP level 8. HP: 47/47 MP: 7/14
  7085 | D:5      | Found a blossoming altar of Fedhas.
  7169 | D:5      | Found a burning altar of Makhleb.
  7901 | D:6      | Mangled by a gnoll shaman

Illustrated notes

Levels and vault maps discovered:
D:1:      dpeg_arrival_snail, layout_basic, basic_ecumenical_altar
D:2:      layout_basic, uniq_jessica, uniq_robin
D:3:      layout_basic, mainiacjoe_overflow_brackets, serial_shops,
          nicolae_shop_trees, corexii_corridor_pit, minmay_misc_feat_iff,
          minmay_checkerbox
D:4:      layout_layer_cave
D:5:      layout_basic, lemuel_crystal_altar, fedhas_altar_4, enter_ossuary_4
D:6:      layout_loops_ring

Skill      XL: |  1  2  3  4  5  6  7  8 |
---------------+-------------------------+-----
Stealth        | 3 4 5 6 |  6.1
Conjurations   | 5 6 |  6.9
Spellcasting   | 3 4 |  4.4
Hexes          | 1 3 4 |  4.0
Dodging        | 3 |  3.9
Fighting       | |  0.7

Action                   |  1- 3 |  4- 6 |  7- 9 || total
-------------------------+-------+-------+-------++-------
Melee: Dagger            |    18 |     7 |    75 ||   100
       Constrict         |     5 |     1 |    13 ||    19
       Tentacles         |     4 |       |     9 ||    13
       Staff             |     1 |       |       ||     1
 Cast: Magic Dart        |    55 |    95 |    74 ||   224
       Searing Ray       |     2 |     5 |    17 ||    24
       Slow              |       |       |     2 ||     2
  Use: Scroll            |       |     3 |     5 ||     8
 Stab: Sleeping          |     3 |     1 |    18 ||    22
Armor: Skin              |     2 |     5 |    34 ||    41
Dodge: Dodged            |    31 |    18 |    61 ||   110
